 Seeded DCSS version 0.27-a0-679-g77a6b55cf3 (webtiles) character file.

Game seed: 20210318 (custom seed)

9 Snicker the Sneak (level 2, 0/22 HPs)
             Began as a Demonspawn Brigand on Mar 18, 2021.
             Slain by a jackal (2 damage)
             ... on level 1 of the Dungeon.
             The game lasted 00:00:35 (204 turns).

Snicker the Sneak (Demonspawn Brigand)               Turns: 204, Time: 00:00:35

Health: 0/22       AC:  3    Str: 11    XL:     2   Next: 3%
Magic:  2/2        EV: 11    Int: 12    God:
Gold:   16         SH:  0    Dex: 14    Spells: 1/1 levels left

rFire    . . .     SeeInvis .   a - +2 dagger
rCold    . . .     Faith    .   (no shield)
rNeg     . . .     Spirit   .   b - +0 robe
rPois    .         Reflect  .   (no helmet)
rElec    .         Harm     .   c - +0 cloak
rCorr    .         Rampage  .   (no gloves)
Will     .....                  (no boots)
Stlth    +++.......             (no amulet)
HPRegen  0.07/turn              (no ring)
MPRegen  0.16/turn              (no ring)

@: no status effects
A: magic regeneration
a: no special abilities


You were on level 1 of the Dungeon.
You visited 1 branch of the dungeon, and saw 1 of its levels.

You collected 16 gold pieces.

Inventory:

Hand Weapons
 a - a +2 dagger (weapon)
Missiles
 d - 8 poisoned darts
 e - a curare-tipped dart (quivered)
Armour
 b - a +0 robe (worn)
 c - a +0 cloak (worn)
Scrolls
 f - 2 scrolls of identify {unknown}


   Skills:
 + Level 2.0 Fighting
 * Level 1.9 Short Blades
 + Level 1.8 Throwing
 + Level 0.8 Dodging
 * Level 4.0 Stealth


You had one spell level left.
You didn't know any spells.
Your spell library was empty.

Dungeon Overview and Level Annotations

Branches:
Dungeon (1/15)

Altars:


Innate Abilities, Weirdness & Mutations

You regenerate magic rapidly.


Message History

The jackal closely misses you. The jackal bites you.
* * * LOW HITPOINT WARNING * * *
The jackal bites you but does no damage.
The jackal barely misses you. The jackal misses you.
You closely miss the jackal. The jackal barely misses you.
You hit the jackal.
The jackal is moderately wounded.
The jackal barely misses you.
The jackal bites you but does no damage.
You closely miss the jackal.
The jackal is moderately wounded.
The jackal misses you.
You hit the jackal but do no damage.
The jackal is moderately wounded.
The jackal bites you.
* * * LOW HITPOINT WARNING * * *
You hit the jackal but do no damage.
The jackal is moderately wounded.
The jackal misses you.
Unknown command.
You miss the jackal.
The jackal is moderately wounded.
The jackal closely misses you.
The jackal bites you but does no damage.
Unknown command.
You aren't carrying any potions.
Throw: 2 darts (curare)
Press: ? - help, Q - select action, (/) - cycle Shift-Dir - straight line, f - dart slug
Aim: a dart slug (93% to hit)
You throw a curare-tipped dart.
The curare-tipped dart closely misses the jackal.
The curare-tipped dart hits the dart slug.
The dart slug is poisoned.
The dart slug convulses.
The dart slug seems to slow down.
The dart slug is severely wounded.
You kill the dart slug!
The jackal bites you.
You die...

### #.. #.# #. #.# #.#
#.#######.## #..........#
###########..........#
#......@h(...........#
#####.##########.........#
..........##.............##
..........##..............##
..........##w.............#.
.....>......................
..........).......##.####.#.
..........##########.# #.#.
..........# #.####...


You could see a jackal.

Vanquished Creatures
  A dart slug (D:1)
  A ball python (D:1)
  A bat (D:1)
  A giant cockroach (D:1)
  2 goblins (D:1)
  3 rats (D:1)
9 creatures vanquished.

Notes
Turn   | Place    | Note
-------+----------+-------------------------------------------
     0 | D:1      | Snicker the Demonspawn Brigand began the quest for the Orb.
     0 | D:1      | Reached XP level 1. HP: 16/16 MP: 1/1
   183 | D:1      | Reached skill level 4 in Stealth
   188 | D:1      | Gained mutation: You regenerate magic rapidly. [demonic
                  | ancestry]
   188 | D:1      | Reached XP level 2. HP: 3/22 MP: 2/2
   204 | D:1      | Slain by a jackal

Illustrated notes

Levels and vault maps discovered:
D:1:      dpeg_arrival_arbitrary_c, layout_basic

Skill      XL: |  1 |
---------------+----+-----
Stealth        | 4 |  4.0
Fighting       | |  2.0
Short Blades   | |  1.9
Throwing       | |  1.8
Dodging        | |  0.8

Action                   || total
-------------------------++-------
Melee: Dagger            ||    29
Throw: Dart              ||     1
Armor: Robe              ||    12
Dodge: Dodged            ||    29

Table legend: (Time is in decaauts)
 A = Elapsed time spent in this place.
 B = Non-inter-level travel time spent in this place.
 C = Inter-level travel time spent in this place.
 D = Time resting spent in this place.
 E = Time spent auto-exploring this place.
 F = Levels seen in this place.
 G = Mean time per level.
                   A        B        C        D        E       F      G
               +--------+--------+--------+--------+--------+-----+--------+
         Total |    201 |    201 |      0 |      0 |    125 |   1 |  201.0 |
       Dungeon |    201 |    201 |      0 |      0 |    125 |   1 |  201.0 |
               +--------+--------+--------+--------+--------+-----+--------+

Top non-repeatable levels by time:
     D:1: 201 daAuts
